 Dungeon Crawl Stone Soup version 0.21-a0-228-g14ccbf3 (webtiles) character file.

2 Gorglomux the Insei (level 1, -1/16 HPs)
             Began as a Gnoll Transmuter on Aug 31, 2017.
             Slain by a jackal (3 damage)
             ... on level 1 of the Dungeon.
             The game lasted 00:00:16 (50 turns).

Gorglomux the Insei (Gnoll Transmuter)                Turns: 50, Time: 00:00:17

Health: -1/16      AC:  2    Str:  7    XL:     1   Next: 30%
Magic:  3/4        EV: 12    Int:  7    God:
Gold:   11         SH:  0    Dex:  7    Spells: 5/6 levels left

rFire    . . .     SeeInvis .     - Unarmed
rCold    . . .     Gourm    .   (no shield)
rNeg     . . .     Faith    .   b - +0 robe
rPois    .         Spirit   .   (no helmet)
rElec    .         Reflect  .   (no cloak)
rCorr    .         Harm     .   (no gloves)
MR       .....                  (no boots)
Stlth    +.........             (no amulet)
HPRegen  0.05/turn              (no ring)
MPRegen  0.09/turn              (no ring)

@: appendage (expiring)
A: unchanging attributes, fangs 1, horns 2, strong nose
a: End Transformation


You were on level 1 of the Dungeon.
You were not hungry.
You had grown temporary horns.
You visited 1 branch of the dungeon, and saw 1 of its levels.

You collected 11 gold pieces.

Inventory:

Missiles
 a - 12 arrows
Armour
 b - a +0 robe (worn)
Jewellery
 e - an uncursed amulet of the gourmand {unknown}
Potions
 f - a potion of heal wounds {unknown}
Books
 c - a book of Changes

   Spells                             Type                      Level
   a - Beastly Appendage              Transmutation                1
   b - Sticks to Snakes               Transmutation                2
   c - Spider Form                    Transmutation/Poison         3
   d - Ice Form                       Ice/Transmutation            4
   e - Blade Hands                    Transmutation                5
Comestibles
 d - a bread ration


   Skills:
 + Level 1.8 Fighting
 - Level 2.6 Dodging
 - Level 4.0 Unarmed Combat
 - Level 3.0 Spellcasting
 - Level 2.6 Transmutations


You had 5 spell levels left.
You knew the following spells:

 Your Spells              Type           Power        Failure   Level  Hunger
a - Beastly Appendage     Tmut           #.....       12%         1    ##.....


Dungeon Overview and Level Annotations

Branches:
Dungeon (1/15)

Altars:


Innate Abilities, Weirdness & Mutations

Your physical attributes are unchanging.
You have very sharp teeth.
Your uncanny sense of smell can sniff out nearby items.
You have a pair of horns on your head.


Message History

You grow a pair of large bovine horns!
Butt's transformation is almost over!
The jackal closely misses you! The jackal bites you!
You closely miss the jackal! The jackal barely misses you!
You closely miss the jackal! The jackal completely misses you!
You closely miss the jackal! The jackal bites you! * * * don't die
* * * You butt the jackal butt an ant!
You headbutt the jackal!
You annihilate the jackal!!!
You barely miss the jackal! You headbutt the jackal!
The jackal is moderately wounded!
The jackal closely misses you! The jackal bites you! * * * don't die
* * * Butt squash the jackal but do no damage!
The jackal is moderately wounded!
The jackal bites you but does no damage!
You barely miss the jackal!
The jackal is moderately wounded!
The jackal bites you! rip

...................#
...<......#........#
..........#........#
...................#
########..#...(....#
.................%.####
####......#...........#(
#....#####.####.........
#...## #..h@..........
.............##..........
...........................
......#####...####.........
....... ∆......∆ .........#
....... #...... ..#..##..#
#.##.#> #...... ..## #.....
# #


You could see a jackal.

Vanquished Creatures
  A jackal (D:1)
  A rat (D:1)
2 creatures vanquished.

Notes
Turn   | Place    | Note
-------+----------+-------------------------------------------
     0 | D:1      | Gorglomux the Gnoll Transmuter began the quest for the Orb.
     0 | D:1      | Reached XP level 1. HP: 15/15 MP: 4/4
    50 | D:1      | Slain by a jackal

Vault maps used:
D:1:      minmay_arrival_semitransparent, item_on_display_a

Action                   || total
-------------------------++-------
Melee: Unarmed           ||    10
       Headbutt          ||     2
 Cast: Beastly Appendage ||     1
Armor: Robe              ||     3
Dodge: Dodged            ||     7

Table legend:
 A = Spawn XP
 B = Non-spawn XP
 C = Spawn XP percentage of total XP
 D = Spawn monster count
 E = Non-spawn monster count
 F = Spawn count percentage of total count
 G = Total turns spent on level
                    A         B        C        D         E        F      G
               +---------+---------+-------+---------+---------+-------+---------
         Total |       0 |       3 |   0.0 |       0 |       2 |   0.0 |    50
               +---------+---------+-------+---------+---------+-------+---------
           D:1 |       0 |       3 |   0.0 |       0 |       2 |   0.0 |    50
               +---------+---------+-------+---------+---------+-------+---------
